 Dungeon Crawl Stone Soup version 0.21-a0-515-g8d4ebbe138 (webtiles) character file.

0 RaHiT the Vexing (level 1, -1/13 HPs)
             Began as a Vampire Enchanter on Dec 3, 2017.
             Slain by a hobgoblin
             ... wielding a +0 club
              (4 damage)
             ... on level 1 of the Dungeon.
             The game lasted 00:00:31 (40 turns).

RaHiT the Vexing (Vampire Enchanter)                  Turns: 40, Time: 00:00:32

Health: -1/13      AC:  2    Str:  7    XL:     1   Next: 8%
Magic:  0/3        EV: 12    Int: 17    God:
Gold:   20         SH:  0    Dex: 14    Spells: 3/4 levels left

rFire    . . .     SeeInvis +   a - +1 dagger
rCold    . . .     Gourm    .   (no shield)
rNeg     + . .     Faith    .   b - +0 robe
rPois    .         Spirit   .   (no helmet)
rElec    .         Reflect  .   (no cloak)
rCorr    .         Harm     .   (no gloves)
MR       .....                  (no boots)
Stlth    +++.......             (no amulet)
HPRegen  0.04/turn              (no ring)
MPRegen  0.08/turn              (no ring)

@: no status effects
A: fangs 3, see invisible, unbreathing
a: no special abilities


You were on level 1 of the Dungeon.
You were not thirsty.

You visited 1 branch of the dungeon, and saw 1 of its levels.

You collected 20 gold pieces.

Inventory:

Hand Weapons
 a - a +1 dagger (weapon)
Armour
 b - a +0 robe (worn)
Scrolls
 e - a scroll of teleportation {unknown}
 f - a scroll of fear {unknown}
Potions
 d - a potion of blood
Books
 c - a book of Maledictions

   Spells                             Type                      Level
   a - Corona                         Hexes                        1
   b - Ensorcelled Hibernation        Hexes/Ice                    2
   c - Confuse                        Hexes                        3
   d - Tukima's Dance                 Hexes                        3
   e - Dazzling Spray                 Conjuration/Hexes            3


   Skills:
 - Level 1.1 Short Blades
 - Level 2.1 Dodging
 + Level 4.4 Stealth
 + Level 2.0 Spellcasting
 + Level 4.4 Hexes


You had 3 spell levels left.
You knew the following spells:

 Your Spells              Type           Power        Failure   Level  Hunger
a - Corona                Hex            ###....      3%          1    #......


Dungeon Overview and Level Annotations

Branches:
Dungeon (1/15)

Altars:


Innate Abilities, Weirdness & Mutations

You have razor-sharp teeth.
You have supernaturally acute eyesight. (SInv)
You can survive without breathing.


Message History

The hobgoblin is outlined in light.
The hobgoblin hits you with a club.
You barely miss the hobgoblin. The hobgoblin hits you with a club.
You closely miss the hobgoblin. The hobgoblin barely misses you.
You hit the hobgoblin.
You bite the hobgoblin, but do no damage.
The hobgoblin is moderately wounded.
The hobgoblin hits you with a club.
You hit the hobgoblin.
The hobgoblin is severely wounded.
The hobgoblin barely misses you.
You hit the hobgoblin but do no damage.
The hobgoblin is severely wounded.
You hit the hobgoblin but do no damage.
The hobgoblin is severely wounded.
The hobgoblin hits you with a club.
* * * LOW HITPOINT WARNING * * *
You hit the hobgoblin.
The hobgoblin is almost dead.
The hobgoblin stops glowing.
The hobgoblin hits you with a club.
You die...

.........#.# ..#.#
.........#..#.#... .
....#..)#...#.#... ..
..#...#....#....# ..
##.#.#.....#.#..###!#..
#.#...#...#..#..........!
#.....#.#...# #.g#
#.....#....###..#
#.<.#...#@g.#..##
#...#.#...#..#.....#
...#...#...#...####..# .
..#.#.#.#....# #..# ..
##...#.....# #..# ..
..#.#.#....# #..# .
....#...#...# #..# ...
.#...#..# #..# .. #.#
#.##


You could see a hobgoblin.

Vanquished Creatures
  A bat (D:1)
1 creature vanquished.

Notes
Turn   | Place    | Note
-------+----------+-------------------------------------------
     0 | D:1      | RaHiT the Vampire Enchanter began the quest for the Orb.
     0 | D:1      | Reached XP level 1. HP: 13/13 MP: 3/3
    40 | D:1      | Slain by a hobgoblin

Vault maps used:
D:1:      matt_arrival_diagonals, minmay_tall_x

Action                   || total
-------------------------++-------
Melee: Dagger            ||     9
       Bite              ||     1
 Cast: Corona            ||     3
Armor: Robe              ||     1
Dodge: Dodged            ||     5

Table legend:
 A = Spawn XP
 B = Non-spawn XP
 C = Spawn XP percentage of total XP
 D = Spawn monster count
 E = Non-spawn monster count
 F = Spawn count percentage of total count
 G = Total turns spent on level
                    A         B        C        D         E        F      G
               +---------+---------+-------+---------+---------+-------+---------
         Total |       0 |       1 |   0.0 |       0 |       1 |   0.0 |    40
               +---------+---------+-------+---------+---------+-------+---------
           D:1 |       0 |       1 |   0.0 |       0 |       1 |   0.0 |    40
               +---------+---------+-------+---------+---------+-------+---------
